 Dungeon Crawl Stone Soup version 0.26-a0-611-g354ed81 (webtiles) character file.

Game seed: 6936799682895741826

53 Hazorath the Firebug (level 3, 0/19 HPs)
             Began as a Deep Elf Fire Elementalist on Sept 7, 2020.
             Succumbed to an adder's poison
             ... on level 2 of the Dungeon.
             The game lasted 00:05:28 (1017 turns).

Hazorath the Firebug (Deep Elf Fire Elementalist)   Turns: 1017, Time: 00:05:28

Health: 0/19       AC:  2    Str:  5    XL:     3   Next: 62%
Magic:  6/9        EV: 13    Int: 20    God:
Gold:   29         SH:  0    Dex: 15    Spells: 4/8 levels left

rFire    + . .     SeeInvis .   i - +2 short sword (holy)
rCold    + . .     Faith    .   (no shield)
rNeg     . . .     Spirit   .   a - +0 robe
rPois    +         Reflect  .   (no helmet)
rElec    +         Harm     .   (no cloak)
rCorr    +                      (no gloves)
MR       +....                  (no boots)
Stlth    ++........             (no amulet)
HPRegen  0.06/turn              (no ring)
MPRegen  0.11/turn              g - ring of protection from magic

@: lethally poisoned (0 -> -5), resistant
A: no striking features
a: no special abilities


You were on level 2 of the Dungeon.
You visited 1 branch of the dungeon, and saw 2 of its levels.

You collected 29 gold pieces.

Inventory:

Hand Weapons
 i - a +2 short sword of holy wrath (weapon)
Missiles
 h - 5 boomerangs (quivered)
Armour
 a - a +0 robe (worn)
Jewellery
 g - a ring of protection from magic (right hand)
Scrolls
 b - 2 scrolls of identify
 c - 2 scrolls of remove curse


   Skills:
 + Level 2.8 Dodging
 + Level 3.1 Stealth
 + Level 3.4 Spellcasting
 * Level 2.3 Conjurations
 * Level 3.9 Fire Magic


You had 4 spell levels left.
You knew the following spells:

 Your Spells              Type           Power        Failure   Level
a - Foxfire               Conj/Fire      ###.         3%          1
b - Conjure Flame         Conj/Fire      ###.....     12%         3

Your spell library contained the following spells:

 Spells                   Type           Power        Failure   Level
 Inner Flame              Hex/Fire       ##......     19%         3
 Sticky Flame             Conj/Fire      ###.....     36%         4
 Fireball                 Conj/Fire      ###.......   71%         5


Dungeon Overview and Level Annotations

Branches:
Dungeon (2/15)

Altars:


Message History

The adder is almost dead.
The adder bites you but does no damage.
Casting: Foxfire (safe; 4% risk of failure)
Confirm with . or Enter, or press ? or * to list all spells.
You conjure some foxfire!
* * * LOW HITPOINT WARNING * * *
You feel sick. The adder barely misses you. x2
The foxfire hits the adder but does no damage.
The adder is almost dead.
The foxfire hits the adder.
You kill the adder!
Okay, then.
Okay, then.
* * * LOW HITPOINT WARNING * * *
You feel sick.
Found 7 gold pieces.
You feel protected.
* * * LOW HITPOINT WARNING * * *
You feel sick.
You die...

########
###......## ##
.......... .###
#......#
######.h..
#......##
#....S.#
#..$.@..#
##†####.#
#.......####<.#
.#
............##.##
.#
###......#..#..#
.# #......#....##
.# #......#.####
.# #####....# ..
.....# .##..##


There were no monsters in sight!

Vanquished Creatures
  An adder (D:2)
  A gnoll (D:1)
  An ooze (D:1)
  2 dart slugs (D:1)
  2 leopard geckos (D:1)
  2 goblins (D:1)
  A hobgoblin (D:1)
  2 jackals (D:2)
  3 bats (D:1)
  A frilled lizard (D:1)
  6 kobolds (D:1)
  4 rats (D:1)
26 creatures vanquished.

Vanquished Creatures (others)
  67 foxfires
67 creatures vanquished.

Grand Total: 93 creatures vanquished

Notes
Turn   | Place    | Note
-------+----------+-------------------------------------------
     0 | D:1      | Hazorath the Deep Elf Fire Elementalist began the quest for
                  | the Orb.
     0 | D:1      | Reached XP level 1. HP: 10/10 MP: 6/6
    36 | D:1      | Reached XP level 2. HP: 15/15 MP: 4/8
   550 | D:1      | Reached XP level 3. HP: 12/19 MP: 6/9
   560 | D:1      | Learned a level 3 spell: Conjure Flame
  1017 | D:2      | Succumbed to an adder's poison

Illustrated notes

Levels and vault maps discovered:
D:1:      kennysheep_arrival_forest, layout_basic
D:2:      layout_rooms, chequers_ecumenical_altar_grove,
          kennysheep_generic_room_16

Skill      XL: |  1  2  3 |
---------------+----------+-----
Conjurations   | 2 |  2.3
Stealth        | 3 |  3.1
Dodging        | |  2.8
Spellcasting   | |  3.4
Fire Magic     | |  3.9

Action                   || total
-------------------------++-------
Melee: Spear             ||     1
 Cast: Foxfire           ||    38
  Use: Scroll            ||     2
       Potion            ||     1
Armor: Robe              ||     2
Dodge: Dodged            ||    15

Table legend: (Time is in decaauts)
 A = Elapsed time spent in this place.
 B = Non-inter-level travel time spent in this place.
 C = Inter-level travel time spent in this place.
 D = Time resting spent in this place.
 E = Time spent auto-exploring this place.
 F = Levels seen in this place.
 G = Mean time per level.
                   A        B        C        D        E       F      G
               +--------+--------+--------+--------+--------+-----+--------+
         Total |   1014 |    990 |     24 |    227 |    541 |   2 |  507.0 |
       Dungeon |   1014 |    990 |     24 |    227 |    541 |   2 |  507.0 |
               +--------+--------+--------+--------+--------+-----+--------+

Top non-repeatable levels by time:
     D:1: 976 daAuts
     D:2: 38 daAuts
